 Dungeon Crawl Stone Soup version 0.27-a0-652-g2d5cf1dcd3 (webtiles) character file.

Game seed: 13969541377056601104

92 Allula97 the Sneak (level 4, -5/33 HPs)
             Began as a Demonspawn Brigand on Mar 16, 2021.
             Slain by an orc
             ... wielding a +0 flail
              (10 damage)
             ... on level 3 of the Dungeon.
             The game lasted 00:03:49 (1709 turns).

Allula97 the Sneak (Demonspawn Brigand)             Turns: 1709, Time: 00:03:49

Health: -5/33      AC:  4    Str: 12    XL:     4   Next: 35%
Magic:  5/5        EV: 11    Int: 12    God:
Gold:   55         SH:  0    Dex: 15    Spells: 4/4 levels left

rFire    . . .     SeeInvis .   f - +1 short sword (drain)
rCold    . . .     Faith    .   (no shield)
rNeg     . . .     Spirit   .   r - +0 leather armour
rPois    .         Reflect  .   (helmet restricted)
rElec    .         Harm     .   c - +0 cloak
rCorr    .         Rampage  .   (no gloves)
Will     .....                  (no boots)
Stlth    +++.......             (no amulet)
HPRegen  0.11/turn              j - ring of flight
MPRegen  0.09/turn              (no ring)

@: hasted, very quick
A: horns 1
a: Evoke Flight


You were on level 3 of the Dungeon.
You visited 1 branch of the dungeon, and saw 3 of its levels.

You collected 55 gold pieces.

Inventory:

Hand Weapons
 a - a +2 dagger
 f - a +1 short sword of draining (weapon)
Missiles
 d - 8 poisoned darts (quivered)
 e - 2 curare-tipped darts
Armour
 b - a +0 robe
 c - a +0 cloak (worn)
 r - a +0 leather armour (worn)
Jewellery
 j - a ring of flight (right hand)
 s - an amulet of reflection
Scrolls
 h - 2 scrolls of identify {unknown}
 k - a scroll of enchant weapon {unknown}
 l - 2 scrolls of enchant armour {unknown}
 m - 2 scrolls of teleportation {unknown}
 n - a scroll of fog {unknown}
 o - a scroll of blinking {unknown}
 q - a scroll of magic mapping {unknown}
 u - a scroll of immolation {unknown}
Potions
 g - 2 potions of haste
 i - a potion of attraction {unknown}
 p - 2 potions of lignification {unknown}
 t - a potion of heal wounds {unknown}


   Skills:
 * Level 2.3 Fighting
 * Level 2.2 Short Blades
 - Level 1.7 Throwing
 * Level 1.0 Armour
 * Level 1.3 Dodging
 * Level 4.6 Stealth
 * Level 0.8 Spellcasting


You had 4 spell levels left.
You didn't know any spells.
Your spell library was empty.

Dungeon Overview and Level Annotations

Branches:
Dungeon (3/15)

Altars:


Innate Abilities, Weirdness & Mutations

You have a pair of small horns on your head.


Message History

You hit the goblin.
The goblin is moderately wounded.
An orc comes into view. It is wielding a +0 short sword.
The goblin closely misses you.
The leopard gecko zombie closely misses you.
You closely miss the goblin.
The orc shouts!
Your headbutt misses the goblin.
The goblin is moderately wounded.
You hear a shout!
The goblin hits you.
The leopard gecko zombie barely misses you.
You hit the goblin.
You kill the goblin!
The leopard gecko zombie barely misses you.
You hit the leopard gecko zombie. You headbutt the leopard gecko zombie.
The leopard gecko zombie is almost destroyed.
You hit the orc. You drain the orc.
You kill the orc!
An orc comes into view. It is wielding a +0 whip.
The leopard gecko zombie bites you.
Things that are here:
an orc corpse; a goblin corpse The orc barely misses you.
A leopard gecko comes into view.
Things that are here:
an orc corpse; a goblin corpse The leopard gecko hisses angrily.
You hit the orc.
The orc is almost dead.
The orc hits you with a +0 flail!
You miss the leopard gecko. The orc hits you with a +0 flail!
* * * LOW HITPOINT WARNING * * *
The leopard gecko closely misses you.
You miss the leopard gecko. The orc hits you with a +0 flail.
* * * LOW HITPOINT WARNING * * *
The leopard gecko bites you but does no damage.
It was a potion of haste.
You feel yourself speed up. The orc hits you with a +0 flail!
You die...

+........
######........
.............
#...........
#...........
.###...........
......oZ.......
...######o.......
......l@oo#+###+#
#########.#
........# #
##########'#.#
............#
..###......#
#.###......#
###+#.#....#.#.#
#............#.#


You could see 3 orcs and a leopard gecko.

Vanquished Creatures
  A jelly (D:3)
  Terence (D:2)
  A worm (D:2)
  A dart slug (D:1)
  A leopard gecko (D:1)
  An orc (D:3)
  A giant cockroach (D:1)
  6 goblins
  2 jackals (D:1)
  4 kobolds (D:1)
  3 bats
  4 frilled lizards
  5 rats
31 creatures vanquished.

Notes
Turn   | Place    | Note
-------+----------+-------------------------------------------
     0 | D:1      | Allula97 the Demonspawn Brigand began the quest for the
                  | Orb.
     0 | D:1      | Reached XP level 1. HP: 16/16 MP: 1/1
   126 | D:1      | Reached skill level 1 in Dodging
   243 | D:1      | Gained mutation: You have a pair of small horns on your
                  | head. [demonic ancestry]
   243 | D:1      | Reached XP level 2. HP: 22/22 MP: 2/2
   247 | D:1      | Reached skill level 4 in Stealth
  1177 | D:2      | Reached XP level 3. HP: 25/27 MP: 3/3
  1361 | D:2      | Noticed Terence
  1366 | D:2      | Killed Terence
  1685 | D:3      | Reached skill level 1 in Armour
  1685 | D:3      | Reached XP level 4. HP: 33/33 MP: 3/5
  1709 | D:3      | Slain by an orc

Illustrated notes

Levels and vault maps discovered:
D:1:      heliophobic_arrival_battle_scene, layout_basic, minmay_distorted
D:2:      layout_rooms, serial_forest, infiniplex_forest_clump_small,
          infiniplex_forest_zigzag_1, infiniplex_forest_zigzag_2,
          infiniplex_forest_clump_diagonal, infiniplex_forest_corner_1,
          infiniplex_forest_straight_4, infiniplex_forest_join,
          infiniplex_forest_clump_long, infiniplex_forest_lined_room_2,
          uniq_terence
D:3:      layout_basic, nemelex_diamond_rough_becter

Skill      XL: |  1  2  3 |
---------------+----------+-----
Dodging        | 1 |  1.3
Stealth        | 4 |  4.6
Short Blades   | 2 |  2.2
Armour         | 1 |  1.0
Fighting       | |  2.3
Throwing       | |  1.7
Spellcasting   | |  0.8

Action                   |  1- 3 |  4- 6 || total
-------------------------+-------+-------++-------
Melee: Short sword       |    46 |     9 ||    55
       Dagger            |     4 |       ||     4
       Headbutt          |     3 |     1 ||     4
  Use: Potion            |       |     1 ||     1
 Stab: Sleeping          |    12 |       ||    12
Armor: Leather armour    |     5 |     1 ||     6
       Robe              |     1 |       ||     1
Dodge: Dodged            |    21 |     6 ||    27

Table legend: (Time is in decaauts)
 A = Elapsed time spent in this place.
 B = Non-inter-level travel time spent in this place.
 C = Inter-level travel time spent in this place.
 D = Time resting spent in this place.
 E = Time spent auto-exploring this place.
 F = Levels seen in this place.
 G = Mean time per level.
                   A        B        C        D        E       F      G
               +--------+--------+--------+--------+--------+-----+--------+
         Total |   1708 |   1634 |     74 |      0 |   1234 |   3 |  569.3 |
       Dungeon |   1708 |   1634 |     74 |      0 |   1234 |   3 |  569.3 |
               +--------+--------+--------+--------+--------+-----+--------+

Top non-repeatable levels by time:
     D:1: 922 daAuts
     D:2: 737 daAuts
     D:3: 48 daAuts
